 Dungeon Crawl Stone Soup version 0.31-a0-825-gf28bc0971e (webtiles) character file.

Game seed: 9163062293432374340

114 qw the Shooter (level 4, -4/28 HPs)
             Began as a Gargoyle Hunter on Sept 23, 2023.
             Slain by Pargi (7 damage)
             ... on level 3 of the Dungeon.
             The game lasted 00:00:51 (1981 turns).

qw the Shooter (Gargoyle Hunter)                    Turns: 1981, Time: 00:00:52

Health: -4/28      AC:  9    Str: 14    XL:     4   Next: 98%
Magic:  4/4        EV: 10    Int: 10    God:
Gold:   141        SH:  0    Dex: 15    Spells: 3/3 levels left

rFire   . . .        Y - +0 shortbow
rCold   . . .        (shield currently unavailable)
rNeg    + + .        d - +0 ring mail
rPois   inf          (no helmet)
rElec   +            (no cloak)
rCorr   .            (no gloves)
SInv    .            b - +0 pair of boots
Will    .....        (no amulet)
Stlth   +            m - ring of positive energy
HPRegen 0.24/turn    (no ring)
MPRegen 0.09/turn

%: no passive effects
@: no status effects
A: sickness immunity, AC +3, negative energy resistance 1, electricity
resistance, torment resistance 1, petrification resistance
a: no special abilities


You were on level 3 of the Dungeon.
You visited 1 branch of the dungeon, and saw 3 of its levels.

You collected 141 gold pieces.


Innate Abilities, Weirdness & Mutations

You are immune to sickness and miasma.
Your stone body is resilient. (AC +3)
You are immune to poison.
You resist negative energy. (rN+)
You are resistant to electric shocks. (rElec)
You are resistant to unholy torment.
You are immune to petrification.


   Skills:
 - Level 3.1 Fighting
 + Level 5.6 Ranged Weapons
 - Level 1.0 Armour
 - Level 1.5 Dodging
 - Level 1.1 Stealth


You had 3 spell levels left.
You didn't know any spells.
Your spell library was empty.

Inventory:

Hand Weapons
 Y - a +0 shortbow (weapon)
Armour
 b - a +0 pair of boots (worn)
 d - a +0 ring mail (worn)
Jewellery
 c - a +6 ring of intelligence
 m - a ring of positive energy (left hand)
Scrolls
 a - a scroll of torment {unknown}
Potions
 e - a potion of cancellation {unknown}
 f - a potion of lignification {unknown}
 g - a potion of degeneration {unknown}
 h - a potion of haste {unknown}
 i - a potion of berserk rage {unknown}
 j - a potion of heal wounds {unknown}
 k - a potion of ambrosia {unknown}

Dungeon Overview and Level Annotations

Branches:
Dungeon (3/15)

Altars:

Annotations:
D:2 1 runed translucent door, Crazy Yiuf
D:3 Pargi


Message History

Pargi closely misses you.
Pargi claws you. x2; Pargi barely misses you.
Pargi claws you but does no damage. Pargi barely misses you.
You shoot an arrow. The arrow barely misses Pargi.
Pargi barely misses you. Pargi claws you but does no damage. x2
You shoot an arrow. The arrow barely misses Pargi.
Pargi bites you. Pargi claws you but does no damage. x2
You shoot an arrow. The arrow barely misses Pargi.
Pargi bites you. Pargi claws you but does no damage. Pargi barely misses you.
You shoot an arrow.
The arrow hits Pargi but does no damage.
Pargi is lightly wounded.
Pargi completely misses you. Pargi claws you but does no damage.
Pargi claws you. Pargi closely misses you.
Pargi claws you but does no damage. x2
You shoot an arrow. The arrow barely misses Pargi.
Pargi bites you but does no damage. Pargi claws you. Pargi barely misses you.
You shoot an arrow. The arrow hits Pargi!
Pargi is moderately wounded.
Pargi clenches his teeth.
Pargi bites you. Pargi claws you but does no damage. Pargi claws you.
You shoot an arrow. The arrow hits Pargi.
Pargi is moderately wounded.
Pargi bites you. Pargi barely misses you. x2
You shoot an arrow. The arrow barely misses Pargi.
Pargi bites you.
Pargi claws you but does no damage. x2; Pargi misses you.
Pargi claws you but does no damage. x2
You shoot an arrow. The arrow hits Pargi.
Pargi is moderately wounded.
Pargi barely misses you. Pargi claws you but does no damage. x2
You shoot an arrow. The arrow hits Pargi.
Pargi is moderately wounded.
Pargi barely misses you. Pargi claws you but does no damage.
Pargi barely misses you.
You shoot an arrow. The arrow closely misses Pargi.
Pargi closely misses you. Pargi claws you but does no damage. x2
You shoot an arrow. The arrow hits Pargi!
Pargi is severely wounded.
Pargi bites you. Pargi claws you but does no damage. Pargi closely misses you.
You shoot an arrow. The arrow closely misses Pargi.
Pargi bites you!
You die...

#.# #.# ....P~P
#.#########.##.....~77
#.#>........#......~~7
#.#..######.#......~~~
#.#....#....#......P~~
#.#
#.#.##...##.#.......~P
#.#
#.#.###.....#.......P.
#.#
#.#.#####.###.T.......
#.#
#.............@.......
#.#
#####.######.########.##
#.#
...........#..#######.
#######.#
.........#.##....%....
.........
#####....#.##########.
......#.#
...####..#.......#
#####.#.# ##.#
#..#######.# #.... #.#
#.......##.# #....
#.#####.####....# #....


You could see Pargi.

Vanquished Creatures
  Jessica (D:3)
  3 adders (D:2)
  A dart slug (D:1)
  An orc (D:3)
  7 ball pythons
  4 bats
  5 endoplasms
  4 giant cockroaches
  5 goblins
  9 hobgoblins
  2 quokkas
  2 frilled lizards (D:2)
  6 kobolds
  4 rats
54 creatures vanquished.

Notes
Turn   | Place    | Note
-------+----------+-------------------------------------------
     0 | D:1      | qw the Gargoyle Hunter began the quest for the Orb.
     0 | D:1      | Reached XP level 1. HP: 12/12 MP: 1/1
     0 | D:1      | 0 ||| qw: Version: 0.3-a-83-gcd0e7d8
     0 | D:1      | 0 ||| qw: Game counter: 1809
     0 | D:1      | 0 ||| qw: Melee chars always use a shield: true
     0 | D:1      | 0 ||| qw: God list: Okawaru
     0 | D:1      | 0 ||| qw: Allow faded altars: false
     0 | D:1      | 0 ||| qw: Do Orc after clearing Dungeon:15 true
     0 | D:1      | 0 ||| qw: Do second Lair branch before Depths: true
     0 | D:1      | 0 ||| qw: Lair rune preference: random
     0 | D:1      | 0 ||| qw: Goals: Normal
     0 | D:1      | 0 ||| PLANNING D:1-11
    75 | D:1      | Reached XP level 2. HP: 17/17 MP: 2/2
   346 | D:1      | Found a faded altar of an unknown god.
   474 | D:1      | Reached XP level 3. HP: 21/21 MP: 3/3
   695 | D:1      | 695 ||| READING scroll labelled KEXOIMOCEA.
   696 | D:1      | 696 ||| READING scroll labelled IREVEL GAUSSAPSA.
   697 | D:1      | 697 ||| READING scroll labelled UTER TUOTEWEHOE.
   700 | D:1      | 700 ||| DROPPING scroll of butterflies.
   734 | D:2      | Reached skill level 5 in Ranged Weapons
   887 | D:2      | Reached skill level 3 in Fighting
   976 | D:2      | Reached XP level 4. HP: 28/28 MP: 4/4
  1225 | D:2      | Found a runed translucent door.
  1226 | D:2      | Noticed Crazy Yiuf
  1229 | D:2      | 1229 ||| UPGRADING to +0 pair of boots.
  1234 | D:2      | 1234 ||| UPGRADING to +0 ring mail.
  1244 | D:2      | 1244 ||| DROPPING +0 leather armour.
  1245 | D:2      | 1245 ||| DROPPING amulet of magic regeneration.
  1246 | D:2      | 1246 ||| UPGRADING to ring of positive energy.
  1247 | D:2      | 1247 ||| READING scroll labelled FAFOAPROUT.
  1248 | D:2      | 1248 ||| READING scroll labelled PIPTIQ FOEPIKI.
  1473 | D:3      | Noticed Pargi
  1488 | D:3      | HP: 7/28 [Pargi (2)]
  1489 | D:3      | 1489 ||| READING scroll of teleportation.
  1607 | D:3      | Reached skill level 1 in Armour
  1724 | D:3      | Noticed Jessica
  1733 | D:3      | Killed Jessica
  1976 | D:3      | HP: 5/28 [Pargi (4)]
  1980 | D:3      | HP: 2/28 [Pargi (4)]
  1981 | D:3      | Slain by Pargi

Levels and vault maps discovered:
D:1:      nicolae_arrival_washed_ashore, layout_basic,
          hellmonk_ecumenical_altar_arch_garden
D:2:      layout_rooms, uniq_crazy_yiuf_cottage
D:3:      layout_basic, serial_bayou_pond_c, uniq_pargi, uniq_jessica

Skill      XL: |  1  2  3  4 |
---------------+-------------+-----
Ranged Weapons | 5 |  5.6
Fighting       | 3 |  3.1
Armour         | 1 |  1.0
Dodging        | |  1.5
Stealth        | |  1.1

Action                     |  1- 3 |  4- 6 || total
---------------------------+-------+-------++-------
   Fire: Shortbow          |   119 |   103 ||   222
    Use: Scroll            |     3 |     3 ||     6
 Armour: Leather armour    |    30 |     6 ||    36
         Ring mail         |       |    82 ||    82
  Dodge: Dodged            |    28 |    51 ||    79

Table legend:
 A = Non-vault XP
 B = Vault XP
 C = Vault XP percentage of total XP
 D = Non-vault monster count
 E = Vault monster count
 F = Vault count percentage of total count
                 A         B        C        D         E       F
            +---------+---------+-------+---------+---------+-------
      Total |     127 |      37 |  22.6 |      53 |       1 |   1.9
            +---------+---------+-------+---------+---------+-------
        D:1 |      38 |       0 |   0.0 |      21 |       0 |   0.0
        D:2 |      61 |       0 |   0.0 |      17 |       0 |   0.0
        D:3 |      28 |      37 |  56.9 |      15 |       1 |   6.2
            +---------+---------+-------+---------+---------+-------
